AoeStats
← roraven1510

Arabia

510639687Analyzed
1v1 RM · 10h ago on Oct 1, 2026· 55m 6s· 2 players
Game mode
Random Map
Map size
Tiny (2 player)
Population
200
Speed
Normal
Resources
Standard
Victory
Conquest
Starting age
Dark Age
Ending age
Imperial Age
RankedLock teamsTeams togetherTeam positionsShared explorationLock speedFull tech treeHidden civsTurbo modeCheats
Victory
Defeat
🇺🇸 Berbers · United States
1050
+14
🇺🇸 Persians · United States
1007
-14
Killacammmmm461
8:42 Loom
11:47 Feudal Age
12:07 Double-Bit Axe
12:04 Horse Collar
23:56 Castle Age
23:44 Scale Barding Armor
23:50 Forging
27:57 Pikeman
32:16 Man-at-Arms
32:42 Gambesons
35:00 Long Swordsman
36:02 Scale Mail Armor
36:20 Squires
38:21 Chain Mail Armor
45:13 Imperial Age
45:52 Heavy Camel Rider
46:46 Bloodlines
46:37 Husbandry
51:09 Chain Barding Armor
51:54 Iron Casting
roraven1510
2:53 Loom
10:26 Feudal Age
12:45 Scale Barding Armor
22:11 Castle Age
20:20 Horse Collar
20:29 Double-Bit Axe
21:00 Gold Mining
21:31 Bloodlines
26:09 Chain Barding Armor
28:20 Forging
34:07 Imperial Age
32:55 Gold Shaft Mining
33:17 Wheelbarrow
32:58 Stone Mining
33:07 Fletching
33:48 Bodkin Arrow
36:30 Bow Saw
35:51 Cavalier
37:53 Redemption
39:40 Plate Barding Armor
41:32 Iron Casting
43:57 Blast Furnace
42:58 Bracer
43:56 Hand Cart
43:44 Heavy Plow
44:39 Heavy Camel Rider
45:47 Conscription
48:36 Chemistry
47:57 Ballistics
50:00 Town Watch
50:11 Guard Tower
Connection lost

Rejoining the realm…

Still unreachable

The connection could not be restored.

Session expired

The server has moved on; the page needs a fresh start.